 Dungeon Crawl Stone Soup version 0.20.1-1-g8b1a95d (webtiles) character file.

32799 equalderp2856 the Cleaver (level 13, -12/93 HPs)
             Began as a Mummy Fighter on Oct 24, 2017.
             Mangled by a guardian serpent (shapeshifter) (16 damage)
             ... on level 12 of the Dungeon on Oct 25, 2017.
             The game lasted 01:15:33 (32878 turns).

equalderp2856 the Cleaver (Mummy Fighter)          Turns: 32878, Time: 01:15:33

Health: -12/93     AC: 22    Str: 23    XL:     13   Next: 33%
Magic:  0/26       EV:  8    Int: 11    God:
Gold:   793        SH: 16    Dex: 12    Spells: 26/30 levels left

rFire    x . .     SeeInvis .   G - +2 war axe (freeze)
rCold    + . .     Gourm    .   c - +0 shield
rNeg     + + +     Faith    .   v - +4 chain mail
rPois    ∞         Spirit   +   p - +0 helmet
rElec    .         Reflect  +   h - scarf {Spirit}
rCorr    .         Harm     .   V - +2 pair of gloves {archery}
MR       ++...                  t - +2 pair of boots
Stlth    ..........             Q - +5 amulet of reflection
Regen    0.3/turn               R - ring of protection from magic
MPRegen  0.2/turn               K - +3 ring of strength

@: about to teleport
A: no food or potions, fire vulnerability, cold resistance 1, negative energy
resistance 3, torment resistance, unbreathing, in touch with death 1
a: no special abilities


You were on level 12 of the Dungeon.
You were not hungry.

You visited 2 branches of the dungeon, and saw 17 of its levels.
You also visited: Labyrinth.

You collected 950 gold pieces.
You spent 157 gold pieces at shops.

Inventory:

Hand Weapons
 G - a +2 war axe of freezing (weapon)
 P - a +1 vampiric war axe
 U - a +0 trident
Armour
 c - a +0 shield (worn)
 h - a scarf of spirit shield (worn)
 m - a +0 cloak
 o - a +0 cloak
 p - a +0 helmet (worn)
 t - a +2 pair of boots (worn)
 v - a +4 chain mail (worn)
 V - a +2 pair of gloves of archery (worn)
 W - a +0 pair of boots
 X - a +0 chain mail
Jewellery
 b - a +3 ring of intelligence {unknown}
 s - an uncursed ring of protection from cold
 x - an uncursed ring of protection from cold
 K - a +3 ring of strength (right hand)
 O - a +1 ring of protection
 Q - a +5 amulet of reflection (around neck)
 R - a ring of protection from magic (left hand)
Wands
 k - a wand of clouds (6/9)
 B - a wand of clouds (4/9)
 J - a wand of iceblast (8/15)
 N - a wand of iceblast (14/15)
Scrolls
 d - a scroll of identify
 e - 3 scrolls of blinking
 f - 12 scrolls of teleportation
 g - 3 scrolls of enchant weapon
 i - 4 scrolls of magic mapping
 j - a scroll of remove curse
 q - a scroll of amnesia {unknown}
 r - a scroll of enchant armour
 u - 4 scrolls of recharging
 w - 3 scrolls of fear
 A - 2 scrolls of fog
 Z - 3 scrolls of vulnerability
Books
 a - a book of Power

   Spells                             Type                      Level
   a - Iskenderun's Battlesphere      Conjuration/Charms           5
   b - Venom Bolt                     Conjuration/Poison           5
   c - Bolt of Magma                  Conjuration/Fire/Earth       5
   d - Iron Shot                      Conjuration/Earth            6
   e - Orb of Destruction             Conjuration                  7
   f - Spellforged Servitor           Conjuration/Summoning        7
 l - a book of Cantrips

   Spells                             Type                      Level
   a - Confusing Touch                Hexes                        1
   b - Animate Skeleton               Necromancy                   1
   c - Summon Small Mammal            Summoning                    1
   d - Apportation                    Translocation                1
 n - a book of Frost

   Spells                             Type                      Level
   a - Freeze                         Ice                          1
   b - Throw Frost                    Conjuration/Ice              2
   c - Ozocubu's Armour               Charms/Ice                   3
   d - Throw Icicle                   Conjuration/Ice              4
   e - Summon Ice Beast               Ice/Summoning                4
 E - a book of Misfortune

   Spells                             Type                      Level
   a - Confusing Touch                Hexes                        1
   b - Confuse                        Hexes                        3
   c - Gell's Gravitas                Translocation                3
   d - Petrify                        Transmutation/Earth          4
   e - Metabolic Englaciation         Hexes/Ice                    5
   f - Yara's Violent Unravelling     Hexes/Transmutation          5
 F - a book of Enchantments

   Spells                             Type                      Level
   a - Cause Fear                     Hexes                        4
   b - Yara's Violent Unravelling     Hexes/Transmutation          5
   c - Silence                        Hexes/Air                    5
   d - Deflect Missiles               Charms/Air                   6
   e - Discord                        Hexes                        8
Miscellaneous
 L - a box of beasts
 Y - a lightning rod (4/4)


   Skills:
 + Level 5.8 Fighting
 * Level 12.2 Axes
 + Level 7.0 Armour
 + Level 2.6 Dodging
 + Level 1.8 Stealth
 + Level 7.1 Shields
 * Level 9.4 Spellcasting
 * Level 7.6 Necromancy
 + Level 5.2 Evocations


You had 26 spell levels left.
You knew the following spells:

 Your Spells              Type           Power        Failure   Level  Hunger
a - Animate Skeleton      Necr           N/A          11%         1    N/A
b - Apportation           Tloc           #.....       94%         1    N/A
c - Confusing Touch       Hex            #.....       94%         1    N/A
d - Summon Small Mammal   Summ           #...         94%         1    N/A

Dungeon Overview and Level Annotations

Branches:
Dungeon (13/15)            Temple (0/1) D:4            Lair (4/6) D:9
  Swamp (0/4) Lair:3          Orc (0/2) D:12
  Snake: Lair:2-4    Spider: Lair:2-4    Vaults: D:13-14

Altars:
Dithmenos
Fedhas
Gozag
Hepliaklqana
Kikubaaqudgha
Makhleb
Nemelex Xobeh
Qazlal
Ru
Uskayaw
Vehumet
Xom

Shops:
D:5 [   D:7 !   D:8 %   D:10 :

Annotations:
Lair:3 4 exclusions


Innate Abilities, Weirdness & Mutations

You do not eat or drink.
Your flesh is vulnerable to fire.
You are immune to poison.
Your flesh is cold resistant. (rC+)
You are immune to negative energy. (rN+++)
You are immune to unholy pain and torment.
You can survive without breathing.
You are in touch with the powers of death.


Message History

The guardian serpent is moderately wounded.
The guardian serpent hits you!
* * * LOW HITPOINT WARNING * * *
Unknown command.
As you read the scroll of teleportation, it crumbles to dust.
You feel strangely unstable.
You block the guardian serpent's attack.
The guardian serpent completely misses you.
You hit the guardian serpent. You freeze the guardian serpent.
The guardian serpent is moderately wounded.
The guardian serpent hits you.
* * * LOW HITPOINT WARNING * * *
You hit the guardian serpent. You freeze the guardian serpent.
The guardian serpent is heavily wounded.
The guardian serpent hits you!
* * * LOW HITPOINT WARNING * * *
You slash the guardian serpent! You freeze the guardian serpent.
The guardian serpent is almost dead.
The guardian serpent hits you!
You die...

#....# #........#
#############....#####.###....#
............'....'.....# ###.##
#############....####### #.#
#....# #.# ######'## ##.#
#......# #..# ##'####### #.##
#########......S@# #.#
....#...+........# #.#
....#.###........# #.# ....'.#
#........# #.# ....###
#........# #.# ##### #........#
#.# ## #........# #.# .###
#........# #.# |..# ###'######
#.#


You could see a guardian serpent shaped shifter.

Vanquished Creatures
  A minotaur (Lab)
  A catoblepas (Lair:2)
  3 two-headed ogres
  A centaur warrior (D:12)
  Pikel (D:5)
  The ghost of equalderp2856 the Cleaver, a novice MiFi (D:9)
  3 ugly things
  2 cyclopes
  4 elephants
  6 centaur skeletons
  3 black mambas
  5 spiny frogs
  2 komodo dragons
  4 kobold demonologists (D:9)
  A rime drake (Lair:3)
  2 trolls
  A queen bee (Lair:1)
  A hornet (D:10)
  2 slime creatures (D:12)
  4 hippogriffs
  A redback (Lab)
  A minotaur skeleton (Lab)
  A spriggan (D:9)
  Sigmund (D:3)
  16 yaks
  2 wraiths
  2 basilisks
  6 wyverns
  6 hungry ghosts
  Eustachio (D:5)
  A steam dragon (Lair:3)
  3 wargs (D:12)
  Duvessa (D:5)
  10 water moccasins
  2 ice beasts (D:9)
  4 orc warriors
  8 porcupines
  2 phantoms
  6 sky beasts
  3 black bears
  6 ogres
  A necrophage (D:10)
  2 eyes of draining
  6 wolves
  3 centaurs
  4 crocodiles
  19 bullfrogs
  3 big kobolds
  A gnoll sergeant (D:9)
  Dowan (D:5)
  2 scorpions
  33 killer bees
  9 wights
  2 electric eels (Lair:1)
  4 howler monkeys
  2 bullfrog zombies
  A quasit (D:11)
  4 crimson imps
  6 hounds
  10 orc priests
  2 bullfrog skeletons
  A jelly (D:4)
  Crazy Yiuf (D:3)
  15 orc wizards
  2 iguanas
  10 worker ants
  Ijyb (D:1)
  Terence (D:2)
  A killer bee zombie (D:8)
  A worker ant zombie (D:11)
  12 gnolls
  15 adders
  A howler monkey skeleton (D:4)
  2 shadow imps (D:5)
  3 oozes
  An adder zombie (D:5)
  7 worms
  A dart slug (D:1)
  8 leopard geckos
  59 orcs
  9 bats
  10 giant cockroaches
  17 goblins
  8 hobgoblins
  11 jackals
  10 kobolds
  9 quokkas
  2 frilled lizards
  A leopard gecko zombie (D:5)
  A quokka skeleton (D:6)
  12 rats
  A plant (Lair:2)
479 creatures vanquished.

Vanquished Creatures (others)
  Nessos (D:13)
  Prince Ribbit (D:5)
  2 slaves (D:5)
  A centaur (D:10)
  A giant cockroach (D:5)
  6 fungi (Lair:2)
  A plant (Lair:2)
13 creatures vanquished.

Grand Total: 492 creatures vanquished

Notes
Turn   | Place    | Note
-------+----------+-------------------------------------------
     0 | D:1      | equalderp2856 the Mummy Fighter began the quest for the Orb.
     0 | D:1      | Reached XP level 1. HP: 18/18 MP: 1/1
   133 | D:1      | Reached XP level 2. HP: 24/24 MP: 2/2
   270 | D:1      | Found a shimmering altar of Xom.
   409 | D:1      | Reached skill level 2 in Axes
   587 | D:1      | Reached XP level 3. HP: 26/29 MP: 3/3
   853 | D:2      | Reached XP level 4. HP: 29/35 MP: 4/4
  1090 | D:2      | Found a sacrificial altar of Ru.
  1130 | D:2      | Found a burning altar of Makhleb.
  1212 | D:2      | Found a hazy altar of Hepliaklqana.
  1462 | D:3      | Reached skill level 3 in Axes
  1610 | D:3      | Noticed Ijyb
  1615 | D:3      | Noticed Terence
  1630 | D:2      | Reached XP level 5. HP: 34/41 MP: 5/5
  1691 | D:3      | Noticed a sky beast
  1729 | D:1      | Killed Ijyb
  1875 | D:2      | Killed Terence
  1998 | D:2      | Killed a sky beast
  1998 | D:2      | Reached skill level 1 in Dodging
  1998 | D:2      | Reached skill level 1 in Spellcasting
  1998 | D:2      | Reached XP level 6. HP: 19/47 MP: 3/7
  2246 | D:2      | Learned a level 1 spell: Animate Skeleton
  2248 | D:2      | Learned a level 1 spell: Apportation
  2250 | D:2      | Learned a level 1 spell: Confusing Touch
  2252 | D:2      | Learned a level 1 spell: Summon Small Mammal
  2334 | D:3      | Noticed Sigmund
  3108 | D:3      | Reached skill level 4 in Axes
  3204 | D:3      | Found a runed door.
  3760 | D:4      | Reached skill level 1 in Necromancy
  3771 | D:4      | Found a staircase to the Ecumenical Temple.
  3772 | D:4      | Noticed a yak
  3772 | D:4      | Noticed a yak
  3773 | D:4      | Noticed a yak
  3773 | D:4      | Noticed a yak
  3773 | D:4      | Noticed a yak
  3773 | D:4      | Noticed a yak
  3801 | D:3      | HP: 1/47 [yak (12)]
  4195 | D:4      | Found a shimmering altar of Xom.
  4282 | D:4      | Reached XP level 7. HP: 34/52 MP: 9/9
  5504 | D:2      | Killed a yak
  5504 | D:2      | Reached skill level 5 in Axes
  6599 | D:3      | Killed Sigmund
  6599 | D:3      | Reached skill level 1 in Stealth
  6599 | D:3      | Reached XP level 8. HP: 30/60 MP: 12/12
  6801 | D:3      | Noticed Crazy Yiuf
  6810 | D:3      | Killed Crazy Yiuf
  8002 | D:5      | Entered Level 5 of the Dungeon
  8140 | D:5      | Noticed Dowan
  8142 | D:5      | Noticed Eustachio
  8143 | D:5      | Noticed Duvessa
  8156 | D:4      | Found a stormy altar of Qazlal.
  9028 | D:6      | Found a blossoming altar of Fedhas.
  9366 | D:4      | Reached skill level 6 in Axes
  9465 | D:4      | HP: 1/60 [yak (8)]
  9961 | D:4      | Reached XP level 9. HP: 51/65 MP: 15/15
 10209 | D:5      | Noticed Pikel
 10260 | D:5      | Killed Pikel
 10260 | D:5      | Reached skill level 7 in Axes
 10508 | D:5      | Killed Prince Ribbit
 10685 | D:5      | Found Ogaofem's Antique Armour Emporium.
 10743 | D:5      | Killed Eustachio
 10917 | D:5      | Killed Duvessa
 11431 | D:5      | Killed Dowan
 11818 | D:6      | Reached skill level 5 in Spellcasting
 11976 | D:6      | Found a shadowy altar of Dithmenos.
 12467 | D:7      | Found Someud's Distillery.
 12511 | D:7      | Reached skill level 8 in Axes
 12801 | D:7      | Found a radiant altar of Vehumet.
 13528 | D:7      | Reached XP level 10. HP: 73/73 MP: 16/18
 13880 | D:8      | Noticed a two-headed ogre
 14697 | D:5      | Reached skill level 5 in Shields
 16059 | D:8      | Found Vumnifuo's Food Emporium.
 16288 | D:8      | Found a sacrificial altar of Ru.
 16288 | D:8      | Found a hide-covered altar of Uskayaw.
 16429 | D:9      | Reached skill level 5 in Necromancy
 16499 | D:8      | Reached skill level 5 in Armour
 16804 | D:9      | Found an opulent altar of Gozag.
 16856 | D:9      | Noticed an orange demon
 16858 | D:9      | Noticed a sun demon
 16864 | D:9      | Reached skill level 9 in Axes
 17288 | D:9      | Found a sparkling altar of Nemelex Xobeh.
 17342 | D:9      | Found an ancient bone altar of Kikubaaqudgha.
 17360 | D:9      | Found a sparkling altar of Nemelex Xobeh.
 17376 | D:9      | Noticed equalderp2856's ghost (novice MiFi)
 17557 | D:9      | Killed equalderp2856's ghost
 17557 | D:9      | Reached XP level 11. HP: 57/78 MP: 20/20
 17859 | D:9      | Found a staircase to the Lair.
 18117 | Lair:1   | Entered Level 1 of the Lair of Beasts
 18143 | Lair:1   | Found a labyrinth entrance.
 18182 | Lab      | Entered a labyrinth
 18594 | Lab      | Reached skill level 10 in Axes
 19417 | Lab      | Noticed a minotaur
 19435 | Lab      | Killed a minotaur
 21052 | D:9      | Reached skill level 5 in Evocations
 21727 | D:9      | Reached skill level 5 in Fighting
 23585 | Lair:2   | Noticed a catoblepas
 24493 | Lair:2   | Killed a catoblepas
 24493 | Lair:2   | Reached XP level 12. HP: 49/86 MP: 22/22
 25413 | Lair:2   | Reached skill level 11 in Axes
 26260 | Lair:3   | Found a staircase to the Swamp.
 28005 | D:6      | Killed a two-headed ogre
 28043 | D:5      | Bought a pair of runed gloves for 157 gold pieces
 28267 | D:10     | Entered Level 10 of the Dungeon
 28501 | D:10     | Found Woaqauka's Book Boutique.
 28650 | D:10     | Noticed a two-headed ogre
 28658 | D:10     | Killed a two-headed ogre
 29256 | D:10     | Noticed a two-headed ogre
 29275 | D:10     | Killed a two-headed ogre
 29970 | D:10     | Identified a scroll of acquirement
 30555 | D:11     | Gained mutation: You are in touch with the powers of death. [Mummy growth]
 30555 | D:11     | Reached XP level 13. HP: 90/93 MP: 24/26
 31984 | D:11     | Reached skill level 12 in Axes
 32425 | D:12     | Found a staircase to the Orcish Mines.
 32712 | D:13     | Noticed Nessos
 32725 | D:13     | Killed Nessos
 32877 | D:12     | HP: 4/93 [guardian serpent (shapeshifter) (11)]
 32878 | D:12     | Mangled by a guardian serpent (shapeshifter)

Skill      XL: |  1  2  3  4  5  6  7  8  9 10 11 12 13 |
---------------+----------------------------------------+-----
Axes           | 2 3 4 5 6 8 9 10 11 12 | 12.2
Shields        | 3 4 5 6 7 |  7.1
Dodging        | 1 2 |  2.6
Spellcasting   | 1 2 4 5 6 7 9 |  9.4
Armour         | 3 4 5 6 7 |  7.0
Necromancy     | 1 2 3 4 5 6 7 |  7.6
Stealth        | 1 |  1.8
Fighting       | 4 5 |  5.8
Evocations     | 5 |  5.2

Action                   |  1- 3 |  4- 6 |  7- 9 | 10-12 | 13-15 || total
-------------------------+-------+-------+-------+-------+-------++-------
Melee: War axe           |   119 |   279 |   743 |  1392 |   198 ||  2731
 Cast: Animate Skeleton  |       |       |     3 |     4 |       ||     7
Evoke: Wand              |       |       |     8 |     8 |       ||    16
  Use: Scroll            |       |       |     1 |    19 |     4 ||    24
 Stab: Petrified         |       |       |       |     2 |       ||     2
       Confused          |       |       |       |     1 |       ||     1
       Petrifying        |       |       |       |     1 |       ||     1
Armor: Scale mail        |    58 |   158 |    83 |       |       ||   299
       Chain mail        |       |       |   313 |   763 |    77 ||  1153
Dodge: Dodged            |    55 |    95 |   176 |   340 |    37 ||   703
Block: Shield            |    78 |   172 |   371 |   839 |   140 ||  1600
       Reflection        |       |       |       |     8 |    10 ||    18
